 Dungeon Crawl Stone Soup version 0.29-a0-338-g1ff7896281 (webtiles) character file.

Game seed: 13352021437980886697

355374 sevenfields the Gnoll Aeon (level 21, -28/163 HPs)
             Began as a Gnoll Ice Elementalist on Apr 17, 2022.
             Was the Champion of Cheibriados.
             Killed from afar by a deep elf annihilator (60 damage)
             ... with a crystal spear
             ... on level 3 of the Elven Halls on Apr 18, 2022.
             The game lasted 02:51:28 (59018 turns).

sevenfields the Gnoll Aeon (GnIE)                  Turns: 59018, Time: 02:51:29

Health: -28/163    AC: 20    Str: 29      XL:     21   Next: 93%
Magic:  2/43       EV: 26    Int: 32 (35) God:    Cheibriados [******]
Gold:   848        SH: 22    Dex: 30      Spells: 27/48 levels left

rFire   + . .      SeeInvis +   K - +5 double sword (spect)
rCold   + . .      Faith    .   Z - +0 tower shield
rNeg    . . .      Spirit   .   t - +3 robe of Clouds {*Thunder rCloud rElec}
rPois   .          Reflect  .   R - +2 helmet {SInv}
rElec   +          Harm     .   j - +2 cloak
rCorr   .          Rampage  .   X - +3 Mad Mage's Maulers {Infuse+∞ RegenMP Int-3}
Will    +....                   a - +0 pair of boots of the King of the Hill {+Blink rF+ Stlth+}
Stlth   ++++++++..              T - amulet of magic regeneration
HPRegen 0.37/turn               C - +6 ring of intelligence
MPRegen 1.08/turn               f - ring of protection from cold

@: very slow
A: fangs 1, strong nose, distributed training, high MP 1, shaggy fur 1,
[screaming 1]
}: 3/15 runes: decaying, serpentine, abyssal
a: Renounce Religion, Evoke Blink, Bend Time, Temporal Distortion, Slouch, Step
From Time


You were on level 3 of the Elven Halls.
You worshipped Cheibriados.
Cheibriados was exalted by your worship.
You visited 7 branches of the dungeon, and saw 35 of its levels.
You visited the Abyss 1 time.
You also visited: Bailey, Ice Cave and Volcano.

You collected 6272 gold pieces.
You spent 5424 gold pieces at shops.

Inventory:

Hand Weapons
 A - the +7 whip "Ekhlazyu" {spect, rN+ Str+4}
   (You bought it in a shop on level 3 of the Dungeon)

   When its wielder attacks, the weapon's spirit leaps out and strikes again.
   The spirit shares a part of any damage it takes with its wielder.
   Str:       It affects your strength (+4).
   rN:        It protects you from negative energy.
 K - a +5 spectral double sword (weapon)
Armour
 a - the +0 pair of boots of the King of the Hill (worn) {+Blink rF+ Stlth+}
   (You acquired it on level 3 of the Snake Pit)

   rF:        It protects you from fire.
   +Blink:    It lets you blink.
   Stlth:     It makes you more stealthy.
 j - a +2 cloak (worn)
 t - the +3 robe of Clouds (worn) {*Thunder rCloud rElec}
   (You found it on level 2 of the Elven Halls)

   It occasionally creates storm clouds above nearby enemies.
   It grants its wearer immunity to clouds.
   rElec:     It insulates you from electricity.
 F - the +0 ring mail of the Fuzzy Dropbear {rElec rPois rF++ Str-2}
   (You bought it in a shop on level 5 of the Dungeon)

   Str:       It affects your strength (-2).
   rF:        It greatly protects you from fire.
   rElec:     It insulates you from electricity.
   rPois:     It protects you from poison.
 R - a +2 helmet of see invisible (worn)
 X - the +3 Mad Mage's Maulers (worn) {Infuse+∞ RegenMP Int-3}
   (You bought it in a shop on level 1 of the Elven Halls)

   It empowers its wearer's blows with all of their magic.
   It causes its wearer's magical reserves to regenerate more quickly.
   Int:       It affects your intelligence (-3).
 Z - a +0 tower shield (worn)
Jewellery
 f - a ring of protection from cold (right hand)
 i - a ring of willpower
 p - a ring of positive energy
 u - a ring of protection from fire
 y - an amulet of the acrobat
 C - a +6 ring of intelligence (left hand)
 I - a ring of resist corrosion
 T - an amulet of magic regeneration (around neck)
 W - a +6 ring of dexterity
Wands
 g - a wand of digging (7)
 n - a wand of acid (2)
 w - a wand of charming (9)
 B - a wand of flame (23)
 E - a wand of paralysis (21)
 H - a wand of mindburst (17)
 J - a wand of iceblast (18)
Scrolls
 c - a scroll of brand weapon
 m - 2 scrolls of magic mapping
 o - 10 scrolls of teleportation
 r - 2 scrolls of holy word
 N - 3 scrolls of fog
 O - 4 scrolls of fear
 U - 2 scrolls of silence
 Y - 2 scrolls of amnesia
Potions
 b - 7 potions of magic
 d - 10 potions of brilliance
 e - 3 potions of cancellation
 h - 3 potions of lignification
 k - 3 potions of resistance
 s - 13 potions of might
 v - 2 potions of invisibility
 x - 4 potions of curing
 z - a potion of mutation
 L - 3 potions of berserk rage
 M - a potion of heal wounds
 V - 5 potions of flight
Miscellaneous
 G - a phial of floods
 P - a condenser vane
 S - a box of beasts


   Skills:
 + Level 13.6 Fighting
 + Level 13.6 Short Blades
 + Level 13.6 Long Blades
 + Level 13.6 Axes
 + Level 13.6 Maces & Flails
 + Level 13.6 Polearms
 + Level 13.6 Staves
 + Level 13.6 Slings
 + Level 13.6 Bows
 + Level 13.6 Crossbows
 + Level 13.6 Throwing
 + Level 13.6 Armour
 + Level 14.3 Dodging
 + Level 14.2 Stealth
 + Level 13.6 Shields
 + Level 13.6 Unarmed Combat
 + Level 14.4 Spellcasting
 + Level 11.6 Conjurations
 + Level 11.6 Hexes
 + Level 11.6 Summonings
 + Level 11.6 Necromancy
 + Level 11.6 Translocations
 + Level 11.6 Transmutations
 + Level 11.6 Fire Magic
 + Level 13.4 Ice Magic
 + Level 11.6 Air Magic
 + Level 11.6 Earth Magic
 + Level 11.6 Poison Magic
 + Level 14.8 Invocations
 + Level 13.6 Evocations


You had 27 spell levels left.
You knew the following spells:

 Your Spells              Type           Power      Damage    Failure   Level
a - Freeze                Ice            100%       1d11      1%          1
b - Frozen Ramparts       Ice            100%       1d12      1%          3
c - Ozocubu's Armour      Ice            83%        N/A       1%          3
d - Hailstorm             Conj/Ice       80%        3d16      1%          4
e - Flame Wave            Conj/Fire      78%        2d14      1%          4
f - Stone Arrow           Conj/Erth      100%       3d13      1%          3
g - Lesser Beckoning      Tloc           78%        N/A       1%          3

Your spell library contained the following spells:

 Spells                   Type           Power      Damage    Failure   Level
 Animate Skeleton         Necr           100%       N/A       1%          1
 Beastly Appendage        Tmut           100%       N/A       1%          1
 Foxfire                  Conj/Fire      100%       2x1d9     1%          1
 Pain                     Necr           100%       1d9       1%          1
 Sandblast                Erth           100%       2d20      1%          1
 Sting                    Tmut/Pois      100%       1d8       1%          1
 Ensorcelled Hibernation  Hex/Ice        100%       N/A       1%          2
 Passwall                 Tmut/Erth      65%        N/A       1%          2
 Static Discharge         Conj/Air       78%        N/A       1%          2
 Conjure Flame            Conj/Fire      78%        6-21      1%          3
 Gell's Gravitas          Tloc           78%        N/A       1%          3
 Inner Flame              Hex/Fire       78%        N/A       1%          3
 Swiftness                Air            78%        N/A       1%          3
 Teleport Other           Tloc           78%        N/A       1%          3
 Tukima's Dance           Hex            78%        N/A       1%          3
 Anguish                  Hex/Necr       39%        N/A       1%          4
 Animate Armour           Summ/Erth      100%       N/A       1%          4
 Animate Dead             Necr           39%        N/A       1%          4
 Cause Fear               Hex            39%        N/A       1%          4
 Dispel Undead            Necr           78%        3d26      1%          4
 Ice Form                 Ice/Tmut       80%        N/A       1%          4
 Petrify                  Tmut/Erth      78%        N/A       1%          4
 Sticky Flame             Conj/Fire      78%        2d9       1%          4
 Summon Lightning Spire   Summ/Air       78%        N/A       1%          4
 Agony                    Necr           78%        N/A       1%          5
 Borgnjor's Vile Clutch   Necr/Erth      39%        N/A       1%          5
 Excruciating Wounds      Necr           39%        N/A       1%          5
 Freezing Cloud           Conj/Ice/Air   39%        6-21      1%          5
 Lee's Rapid Deconstruct  Erth           39%        3d20*     1%          5
 Yara's Violent Unravell  Hex/Tmut       39%        3d16      1%          5
 Simulacrum               Ice/Necr       40%        N/A       8%          6
 Starburst                Conj/Fire      39%        6d11      11%         6
 Statue Form              Tmut/Erth      52%        N/A       11%         6
 Enfeeble                 Hex            39%        N/A       52%         7
 Haunt                    Necr/Summ      39%        N/A       52%         7
 Storm Form               Tmut/Air       39%        N/A       52%         7
 Discord                  Hex            39%        N/A       99%         8
 Infestation              Necr           39%        N/A       99%         8
 Lehudib's Crystal Spear  Conj/Erth      39%        10d10     99%         8
 Maxwell's Capacitive Co  Air            39%        ∞         99%         8
 Necromutation            Tmut/Necr      39%        N/A       99%         8
 Polar Vortex             Ice            41%        N/A       100%        9


Dungeon Overview and Level Annotations

Branches:
Dungeon (15/15)            Temple (1/1) D:5            Lair (6/6) D:11
  Swamp (4/4) Lair:3        Snake (4/4) Lair:2        Slime (0/5) Lair:6
    Orc (2/2) D:9             Elf (3/3) Orc:2        Vaults (0/5) D:14
 Depths (0/4) D:15         Bailey (visited)           IceCv (visited)
Volcano (visited)

Altars:
Cheibriados
Dithmenos
Elyvilon
Fedhas
Gozag
Hepliaklqana
Kikubaaqudgha
Nemelex Xobeh
Okawaru
Qazlal
Ru
Sif Muna
Trog
Uskayaw
Vehumet
Wu Jian
Yredelemnul
Zin
The Shining One
Beogh
Jiyva

Shops:
D:3 (   D:5 [   D:10 ?   D:12 [   Orc:1 (   Orc:2 **(!   Elf:1 [[([?=[[[
Snake:4 =:=

Portals:
Trove: D:14 (give +2 shadow dragon scales)


Innate Abilities, Weirdness & Mutations

You have very sharp teeth.
Your uncanny sense of smell can sniff out nearby items.
Your experience applies equally to all skills.
You have an increased reservoir of magic. (+10% MP)
You are covered in fur. (AC +1)
[You occasionally shout uncontrollably at your foes.]


Message History

You feel the corruption within you wane somewhat.
Your urge to scream lessens.
You hit the deep elf annihilator.
Your bite misses the deep elf annihilator.
The deep elf annihilator is lightly wounded.
Your +5 spectral double sword hits the deep elf annihilator!
You block the deep elf annihilator's attack.
Unknown command.
You slash the deep elf annihilator!
You bite the deep elf annihilator, but do no damage.
The deep elf annihilator is moderately wounded.
Your +5 spectral double sword closely misses the deep elf annihilator.
The deep elf annihilator points at you and mumbles some strange words.
The poison arrow hits your +5 spectral double sword!
Your +5 spectral double sword partially resists.
Your spectral weapon shares its damage with you!
* * * LOW HITPOINT WARNING * * *
The deep elf annihilator points at you and mumbles some strange words.
The bolt of lightning misses you. x2
You slice the deep elf high priest!!
Your bite misses the deep elf high priest.
The deep elf high priest is heavily wounded.
Your +5 spectral double sword hits the deep elf high priest!
The deep elf high priest mumbles some strange prayers to its god against you.
Something smites you!
* * * LOW HITPOINT WARNING * * *
The deep elf annihilator hits your +5 spectral double sword with a +0 rapier.
Your spectral weapon shares its damage with you!
* * * LOW HITPOINT WARNING * * *
You block the deep elf annihilator's attack.
You closely miss the deep elf high priest.
Your bite misses the deep elf high priest.
The deep elf high priest is almost dead.
Your +5 spectral double sword hits the deep elf high priest!
You kill the deep elf high priest!
Cheibriados thoroughly appreciates the change of pace.
Storm clouds gather above the deep elf annihilator.
The deep elf annihilator points at you and mumbles some strange words.
The crystal spear hits you!!!
You die...

#...PPP...# ∆
#.........#
##.......####
∆∆
+#.........#∆∆∆
#+#######.#∆∆∆
#.#∆∆∆ #.# ∆∆
#.##### #.)@e.#
###.(....#
#e.......
#........
#..##.... #...
##.. #.... .
##...


You could see 2 deep elf annihilators and a friendly +5 spectral double sword
(summoned).

Vanquished Creatures
  Nikola (Snake:4)
  3 deep elf blademasters (Elf:2)
  5 tentacled starspawn
  Roxanne (D:15)
  12 nagarajas
  2 fenstrider witches
  2 deep elf sorcerers (Elf:3)
  An orc warlord (Bailey)
  Aizul (Snake:2)
  A reaper (Abyss:5)
  A deep elf elementalist (Elf:2)
  3 very ugly things
  A caustic shrike skeleton (Abyss:5)
  A stone giant (D:15)
  A deep elf demonologist (Elf:3)
  A deep elf annihilator (Elf:2)
  6 eleionomae
  3 bunyips
  2 dire elephants (Snake:2)
  2 green deaths (Swamp:4)
  A deep elf death mage (Elf:2)
  6 ettins (Abyss:5)
  Josephine (Orc:2)
  A shambling mangrove (Swamp:3)
  A spriggan zombie (Abyss:5)
  3 great orbs of eyes
  A deep elf high priest (Elf:3)
  16 hydras
  A ghost crab (Swamp:1)
  A hell beast (Swamp:4)
  An ice dragon (Lair:6)
  8 vault guards (D:14)
  3 salamander tyrants
  A rakshasa (Abyss:3)
  A centaur warrior (D:14)
  A spriggan air mage (Swamp:4)
  2 ironbound frosthearts (IceCv)
  12 anacondas
  4 ogre magi (Orc:2)
  23 two-headed ogres
  4 alligators
  A catoblepas (Lair:5)
  11 naga warriors
  2 orc high priests
  4 tengu warriors
  Urug (Lair:4)
  3 death yaks (IceCv)
  20 dancing weapons
  12 deep elf knights
  15 naga sharpshooters
  7 shock serpents
  13 thrashing horrors
  A shadow wraith (Abyss:3)
  2 salamander mystics
  12 skeletal warriors
  3 spriggans
  A wretched star (Abyss:5)
  2 spatial maelstroms (Abyss:5)
  A death drake (Swamp:3)
  5 goliath frogs
  2 sixfirhies
  A shadow demon (Abyss:5)
  Lodul (D:11)
  7 naga ritualists
  7 bog bodies
  A spriggan druid (Swamp:3)
  6 swamp dragons
  2 flayed ghosts (Abyss:5)
  15 deep elf pyromancers
  2 lindwurms
  8 ugly things
  14 deep elf archers
  3 orc knights
  11 mana vipers
  3 manticores
  9 salamanders
  A necromancer (Abyss:5)
  An oklob plant (Lair:1)
  2 will-o-the-wisps
  18 deep elf zephyrmancers
  16 slime creatures
  26 black mambas
  5 cyclopes
  A worldbinder (Abyss:3)
  10 elephants (Lair:6)
  A rust devil (Abyss:3)
  An ice statue (IceCv)
  4 orange demons
  7 guardian serpents
  12 cane toads
  5 torpor snails (Lair:6)
  2 apocalypse crabs
  3 smoke demons
  5 gargoyles
  15 naga magi
  An unseen horror (shapeshifter) (D:15)
  8 rime drakes
  2 efreet
  2 unseen horrors
  11 komodo dragons
  A freezing wraith (Abyss:3)
  4 trolls
  A silent spectre (Abyss:5)
  4 ancient zymes
  12 polar bears
  2 tengu conjurers
  12 tyrant leeches
  9 blink frogs
  2 harpy skeletons
  14 hornets
  9 raiju (Abyss:5)
  Prince Ribbit (D:9)
  11 dream sheep (Lair:5)
  15 large abominations
  2 flying skulls (Volcano)
  2 alligator skeletons (Volcano)
  7 water elementals
  2 vampires
  An air elemental (Elf:2)
  4 shadows
  An ettin skeleton (Abyss:5)
  9 wraiths
  5 wyverns
  A fire elemental (Elf:2)
  7 basilisks
  52 yaks
  2 golden eyes (Abyss:5)
  2 chaos spawn
  2 steam dragons
  8 vampire mosquitoes
  3 spatial vortices (Abyss:5)
  3 wargs
  17 swamp worms
  4 neqoxecs (Abyss:5)
  34 nagas
  16 water moccasins
  A floating eye (Abyss:5)
  4 small abominations
  A hell hound (Snake:2)
  2 ice beasts (D:5)
  A swamp drake (Swamp:1)
  24 orc warriors
  7 black bears
  34 ogres
  A sky beast (D:6)
  30 wolves
  10 centaurs
  10 kobold brigands
  16 bullfrogs
  2 gnoll sergeants (D:9)
  3 earth elementals (Elf:1)
  A necrophage (D:8)
  7 scorpions
  3 wights (D:9)
  5 killer bees (D:7)
  A spriggan skeleton (Volcano)
  4 electric eels
  A troll skeleton (Volcano)
  2 howler monkeys
  A lava snake (D:15)
  A quasit (Abyss:3)
  6 starcursed masses (Abyss:3)
  3 hounds
  14 orc priests
  Natasha (thrice) (D:3)
  2 gnoll shamans
  6 hell rats (Lair:1)
  2 iguanas
  20 orc wizards
  32 gnolls
  4 adders
  3 white imps
  A worm (D:2)
  2 dart slugs
  80 orcs
  9 ball pythons
  8 endoplasms
  16 goblins
  23 hobgoblins
  10 jackals
  3 quokkas
  9 bats
  3 frilled lizards
  20 kobolds
  8 rats
  2 lurking horrors
  2 starspawn tentacles (Abyss:5)
1253 creatures vanquished.

Vanquished Creatures (others)
  A salamander tyrant (Snake:4)
  A deep elf archer (Elf:1)
  A deep elf pyromancer (Elf:1)
  An unseen horror (D:11)
  A wyvern (D:5)
  A small abomination (Abyss:5)
  An ufetubus (D:6)
  An orc (Orc:2)
  6 demonic plants (Abyss:5)
  4 foxfires
  67 fungi
  2 lurking horrors (Abyss:5)
  122 plants
  13 starspawn tentacles
222 creatures vanquished.

Grand Total: 1475 creatures vanquished

Notes
Turn   | Place    | Note
-------+----------+-------------------------------------------
     0 | D:1      | sevenfields the Gnoll Ice Elementalist began the quest for
                  | the Orb.
     0 | D:1      | Reached XP level 1. HP: 13/13 MP: 6/6
   447 | D:1      | Reached XP level 2. HP: 8/19 MP: 3/7
  1391 | D:1      | Reached XP level 3. HP: 20/25 MP: 7/9
  1492 | D:1      | Reached skill level 5 in Spellcasting
  1660 | D:2      | Reached skill level 1 in Invocations
  1667 | D:2      | Reached skill level 1 in Fighting
  1667 | D:2      | Reached skill level 1 in Short Blades
  1667 | D:2      | Reached skill level 1 in Long Blades
  1667 | D:2      | Reached skill level 1 in Axes
  1667 | D:2      | Reached skill level 1 in Maces & Flails
  1667 | D:2      | Reached skill level 1 in Polearms
  1667 | D:2      | Reached skill level 1 in Staves
  1667 | D:2      | Reached skill level 1 in Slings
  1667 | D:2      | Reached skill level 1 in Bows
  1667 | D:2      | Reached skill level 1 in Crossbows
  1667 | D:2      | Reached skill level 1 in Throwing
  1667 | D:2      | Reached skill level 1 in Armour
  1667 | D:2      | Reached skill level 1 in Shields
  1667 | D:2      | Reached skill level 1 in Unarmed Combat
  1667 | D:2      | Reached skill level 1 in Evocations
  1716 | D:2      | Learned a level 3 spell: Frozen Ramparts
  1720 | D:2      | Learned a level 3 spell: Ozocubu's Armour
  1766 | D:2      | Reached XP level 4. HP: 17/32 MP: 11/11
  2303 | D:2      | Reached skill level 1 in Conjurations
  2303 | D:2      | Reached skill level 1 in Hexes
  2303 | D:2      | Reached skill level 1 in Summonings
  2303 | D:2      | Reached skill level 1 in Necromancy
  2303 | D:2      | Reached skill level 1 in Translocations
  2303 | D:2      | Reached skill level 1 in Transmutations
  2303 | D:2      | Reached skill level 1 in Fire Magic
  2303 | D:2      | Reached skill level 1 in Air Magic
  2303 | D:2      | Reached skill level 1 in Earth Magic
  2303 | D:2      | Reached skill level 1 in Poison Magic
  2318 | D:2      | Reached XP level 5. HP: 11/37 MP: 1/12
  3078 | D:3      | Found a faded altar of an unknown god.
  3163 | D:3      | Noticed Natasha
  3168 | D:3      | Killed Natasha
  3336 | D:3      | Noticed Natasha
  3344 | D:3      | Killed Natasha
  3378 | D:3      | Noticed Natasha
  3385 | D:3      | Killed Natasha
  3613 | D:3      | Reached XP level 6. HP: 41/44 MP: 13/13
  3632 | D:3      | Found Padydaeji's Weapon Shop.
  3635 | D:3      | Bought a +0 mace of venom for 78 gold pieces
  3933 | D:4      | Reached skill level 5 in Dodging
  4045 | D:4      | Found a sparkling altar of Nemelex Xobeh.
  4324 | D:4      | Reached XP level 7. HP: 40/50 MP: 15/15
  4725 | D:4      | Found a radiant altar of Vehumet.
  4731 | D:4      | Found an opulent altar of Gozag.
  4736 | D:4      | Found a basalt altar of Yredelemnul.
  4858 | D:5      | Entered Level 5 of the Dungeon
  5119 | D:5      | Reached skill level 5 in Stealth
  5357 | D:5      | Killed a wyvern
  5426 | D:5      | Found a stormy altar of Qazlal.
  5500 | D:5      | Reached XP level 8. HP: 16/57 MP: 9/16
  5869 | D:5      | Found a staircase to the Ecumenical Temple.
  6105 | D:5      | Found Wyxaco's Armour Shop.
  6324 | Temple   | Entered the Ecumenical Temple
  6401 | Temple   | Became a worshipper of Cheibriados the Contemplative
  7327 | D:6      | Found a shimmering blue altar of Sif Muna.
  7487 | D:6      | Reached XP level 9. HP: 34/65 MP: 15/18
  8000 | D:6      | Got Sif Muna's Almanac of Toxins
  8176 | D:7      | Reached * piety under Cheibriados
  8575 | D:7      | Found a shadowy altar of Dithmenos.
  9090 | D:7      | Reached ** piety under Cheibriados
  9539 | D:8      | Found a flagged portal.
  9553 | Bailey   | Entered a bailey
  9688 | Bailey   | Reached *** piety under Cheibriados
  9865 | Bailey   | Reached skill level 5 in Invocations
 10125 | Bailey   | Noticed an orc warlord
 10142 | Bailey   | Killed an orc warlord
 10143 | Bailey   | Reached skill level 5 in Fighting
 10143 | Bailey   | Reached skill level 5 in Short Blades
 10143 | Bailey   | Reached skill level 5 in Long Blades
 10143 | Bailey   | Reached skill level 5 in Axes
 10143 | Bailey   | Reached skill level 5 in Maces & Flails
 10143 | Bailey   | Reached skill level 5 in Polearms
 10143 | Bailey   | Reached skill level 5 in Staves
 10143 | Bailey   | Reached skill level 5 in Slings
 10143 | Bailey   | Reached skill level 5 in Bows
 10143 | Bailey   | Reached skill level 5 in Crossbows
 10143 | Bailey   | Reached skill level 5 in Throwing
 10143 | Bailey   | Reached skill level 5 in Armour
 10143 | Bailey   | Reached skill level 5 in Shields
 10143 | Bailey   | Reached skill level 5 in Unarmed Combat
 10143 | Bailey   | Reached skill level 5 in Evocations
 10143 | Bailey   | Reached XP level 10. HP: 17/74 MP: 13/20
 10446 | Bailey   | Noticed an orc knight
 10494 | Bailey   | Killed an orc knight
 10750 | D:8      | Reached skill level 5 in Conjurations
 10750 | D:8      | Reached skill level 5 in Hexes
 10750 | D:8      | Reached skill level 5 in Summonings
 10750 | D:8      | Reached skill level 5 in Necromancy
 10750 | D:8      | Reached skill level 5 in Translocations
 10750 | D:8      | Reached skill level 5 in Transmutations
 10750 | D:8      | Reached skill level 5 in Fire Magic
 10750 | D:8      | Reached skill level 5 in Air Magic
 10750 | D:8      | Reached skill level 5 in Earth Magic
 10750 | D:8      | Reached skill level 5 in Poison Magic
 10750 | D:8      | Reached XP level 11. HP: 82/82 MP: 21/23
 10756 | D:8      | Learned a level 4 spell: Hailstorm
 10756 | D:8      | Gained mutation: Your mind is acute. (Int +2) [potion of
                  | mutation]
 10756 | D:8      | Gained mutation: You are agile. (Dex +2) [potion of
                  | mutation]
 10756 | D:8      | Gained mutation: You are covered in fur. (AC +1) [potion of
                  | mutation]
 10756 | D:8      | Gained mutation: You have an increased reservoir of magic.
                  | (+10% MP) [potion of mutation]
 10840 | D:8      | Reached **** piety under Cheibriados
 10916 | D:8      | Found a white marble altar of Elyvilon.
 11131 | D:8      | Got the Disquisition on Ignition and the Mountains
 12185 | D:9      | Found a staircase to the Orcish Mines.
 12204 | D:9      | Reached ***** piety under Cheibriados
 12467 | D:9      | Found a hide-covered altar of Uskayaw.
 13023 | D:9      | Noticed Prince Ribbit
 13089 | D:9      | Killed Prince Ribbit
 13754 | D:10     | Entered Level 10 of the Dungeon
 13970 | D:10     | Reached XP level 12. HP: 89/89 MP: 21/27
 14819 | D:10     | Found Ystruybba's Magic Scroll Boutique.
 15070 | D:11     | Noticed a two-headed ogre
 15079 | D:11     | Killed a two-headed ogre
 15240 | D:11     | Noticed a two-headed ogre
 15310 | D:11     | Noticed a seven-headed hydra
 15350 | D:11     | Killed a seven-headed hydra
 15961 | D:11     | Killed a two-headed ogre
 16134 | D:11     | Found a staircase to the Lair.
 16143 | D:11     | Identified the +3 scale mail of Magic {Rampage}
 16472 | D:11     | Noticed Lodul
 16472 | D:11     | Noticed a two-headed ogre
 16476 | D:11     | Noticed a two-headed ogre
 16478 | D:11     | Noticed a two-headed ogre
 16478 | D:11     | Noticed a two-headed ogre
 16486 | D:11     | Killed a two-headed ogre
 16486 | D:11     | Killed a two-headed ogre
 16487 | D:11     | Killed a two-headed ogre
 16487 | D:11     | Killed a two-headed ogre
 16488 | D:11     | Killed Lodul
 16701 | Lair:1   | Entered Level 1 of the Lair of Beasts
 16717 | D:11     | Reached XP level 13. HP: 35/98 MP: 12/29
 16962 | D:11     | Learned a level 4 spell: Flame Wave
 16968 | Lair:1   | Reached ****** piety under Cheibriados
 18476 | Lair:1   | Found a blossoming altar of Fedhas.
 18733 | Lair:1   | Identified a scroll of acquirement
 18733 | Lair:1   | Acquired 930 gold pieces
 18937 | D:3      | Bought the +7 whip "Ekhlazyu" {spect, rN+ Str+4} for 851
                  | gold pieces
 19076 | D:5      | Bought the +0 ring mail of the Fuzzy Dropbear {rElec rPois
                  | rF++ Str-2} for 461 gold pieces
 19188 | D:10     | Bought a scroll of teleportation for 48 gold pieces
 19188 | D:10     | Bought a scroll of enchant armour for 120 gold pieces
 19188 | D:10     | Bought 3 scrolls of blinking for 360 gold pieces
 19251 | Lair:2   | Reached skill level 10 in Ice Magic
 19345 | Lair:2   | Found a staircase to the Snake Pit.
 20292 | Lair:3   | Found a staircase to the Swamp.
 21162 | Lair:3   | Reached skill level 10 in Spellcasting
 21493 | Lair:4   | Noticed Urug
 21510 | Lair:4   | Killed Urug
 22988 | Lair:5   | Reached skill level 10 in Dodging
 23567 | Lair:5   | Reached XP level 14. HP: 103/106 MP: 25/31
 24093 | Lair:6   | Entered Level 6 of the Lair of Beasts
 24107 | Lair:6   | Reached skill level 10 in Stealth
 24447 | Lair:6   | Reached skill level 10 in Invocations
 24754 | Lair:6   | Found a runed translucent door.
 25418 | Lair:6   | Identified the +1 robe of Grace {rF+ rC+ rCorr}
 26439 | Lair:6   | Found a viscous altar of Jiyva.
 26443 | Lair:6   | Found a staircase to the Slime Pits.
 26798 | Orc:1    | Entered Level 1 of the Orcish Mines
 26826 | Orc:1    | Found Umennyisu's Antique Weapon Shoppe.
 26834 | Orc:1    | Found a dark tunnel.
 26845 | Volcano  | Entered a volcano
 28044 | Orc:1    | Reached XP level 15. HP: 76/115 MP: 32/32
 28502 | Orc:2    | Entered Level 2 of the Orcish Mines
 28548 | Orc:2    | Found a staircase to the Elven Halls.
 28558 | Orc:2    | Noticed Josephine
 28582 | Orc:2    | Killed Josephine
 29061 | Orc:2    | Found Selegriny's Antique Weapon Shoppe.
 29061 | Orc:2    | Found Qipoppe's General Store.
 29065 | Orc:2    | Found Qithrozi's Distillery.
 29065 | Orc:2    | Found Suruis Deno's General Store.
 29069 | Orc:2    | Reached skill level 10 in Fighting
 29069 | Orc:2    | Reached skill level 10 in Short Blades
 29069 | Orc:2    | Reached skill level 10 in Long Blades
 29069 | Orc:2    | Reached skill level 10 in Axes
 29069 | Orc:2    | Reached skill level 10 in Maces & Flails
 29069 | Orc:2    | Reached skill level 10 in Polearms
 29069 | Orc:2    | Reached skill level 10 in Staves
 29069 | Orc:2    | Reached skill level 10 in Slings
 29069 | Orc:2    | Reached skill level 10 in Bows
 29069 | Orc:2    | Reached skill level 10 in Crossbows
 29069 | Orc:2    | Reached skill level 10 in Throwing
 29069 | Orc:2    | Reached skill level 10 in Armour
 29069 | Orc:2    | Reached skill level 10 in Shields
 29069 | Orc:2    | Reached skill level 10 in Unarmed Combat
 29069 | Orc:2    | Reached skill level 10 in Evocations
 29440 | Orc:2    | Bought 2 potions of heal wounds for 150 gold pieces
 29440 | Orc:2    | Bought a potion of heal wounds for 75 gold pieces
 29440 | Orc:2    | Bought a potion of heal wounds for 75 gold pieces
 29443 | Orc:2    | Bought a +0 helmet of see invisible for 184 gold pieces
 29817 | Orc:1    | Found a bloodstained altar of Trog.
 30005 | Orc:1    | Bought a twisted dire flail for 306 gold pieces
 30005 | Orc:1    | Identified the +7 dire flail of Fatigue {flame, rF+ Int+5}
                  | (You bought it in a shop on level 1 of the Orcish Mines)
 30098 | Orc:2    | Bought a fine mace for 216 gold pieces
 30098 | Orc:2    | Identified the +4 mace of Beogh's Castigation {vorpal, Fly
                  | rF+ Stlth+} (You bought it in a shop on level 2 of the
                  | Orcish Mines)
 30284 | Swamp:1  | Entered Level 1 of the Swamp
 30530 | Swamp:1  | Noticed a fenstrider witch
 30564 | Swamp:1  | Killed a fenstrider witch
 32187 | Swamp:2  | Learned a level 3 spell: Stone Arrow
 32286 | Swamp:2  | You fall into a shaft and drop 1 floor!
 32854 | Swamp:3  | Reached XP level 16. HP: 97/123 MP: 19/34
 34427 | Swamp:4  | Entered Level 4 of the Swamp
 34706 | Swamp:4  | Noticed a fenstrider witch
 34729 | Swamp:4  | Killed a fenstrider witch
 36557 | Swamp:4  | Got a decaying rune of Zot
 36627 | Swamp:4  | Paralysed by a great orb of eyes for 2 turns
 36919 | Snake:1  | Entered Level 1 of the Snake Pit
 37624 | Snake:1  | Identified the +3 ring mail "Nytelyacu" {rF+ rC+}
 38043 | Snake:1  | Reached XP level 17. HP: 93/131 MP: 33/36
 38370 | Snake:1  | Learned a level 3 spell: Lesser Beckoning
 40138 | Snake:3  | Noticed Aizul
 40544 | Snake:2  | Killed Aizul
 41519 | Snake:3  | Acquired the +0 pair of boots of the King of the Hill
                  | {+Blink rF+ Stlth+}
 41557 | Snake:3  | Reached skill level 10 in Conjurations
 41557 | Snake:3  | Reached skill level 10 in Hexes
 41557 | Snake:3  | Reached skill level 10 in Summonings
 41557 | Snake:3  | Reached skill level 10 in Necromancy
 41557 | Snake:3  | Reached skill level 10 in Translocations
 41557 | Snake:3  | Reached skill level 10 in Transmutations
 41557 | Snake:3  | Reached skill level 10 in Fire Magic
 41557 | Snake:3  | Reached skill level 10 in Air Magic
 41557 | Snake:3  | Reached skill level 10 in Earth Magic
 41557 | Snake:3  | Reached skill level 10 in Poison Magic
 41953 | Snake:3  | Identified the +3 quarterstaff of Rubbish {vorpal, Int+4}
 43020 | Snake:4  | Entered Level 4 of the Snake Pit
 43693 | Snake:4  | Reached XP level 18. HP: 138/140 MP: 36/38
 45131 | Snake:4  | Got a serpentine rune of Zot
 45277 | Snake:4  | Noticed Nikola
 45293 | Snake:4  | Killed Nikola
 45648 | Snake:4  | Found Talevam's Jewellery Emporium.
 45649 | Snake:4  | Found Edipriogg's Book Boutique.
 45650 | Snake:4  | Found Tiolel's Jewellery Emporium.
 45664 | Snake:4  | Bought Ovvuq's Guide on Cold and Earth for 640 gold pieces
 45978 | Snake:4  | Upgraded the game from 0.29-a0-337-g68df138881 to
                  | 0.29-a0-338-g1ff7896281
 46817 | D:12     | Found Ziotapp's Antique Armour Shoppe.
 47310 | D:13     | Found the necklace of Bloodlust {*Rage Will++ Int-3 Slay+6}
 47353 | D:13     | Found a frozen archway.
 47372 | IceCv    | Entered an ice cave
 47487 | IceCv    | Acquired 251 gold pieces
 47601 | IceCv    | Found the +4 skin of Zhor {*Englaciate rC+++ SInv}
 48107 | IceCv    | Got the Almanac of Unholy Magic
 49278 | D:14     | Found an iron altar of Okawaru.
 49290 | D:14     | Found a gate to the Vaults.
 49587 | D:14     | Reached XP level 19. HP: 142/148 MP: 37/40
 49854 | D:14     | Found the +10 Black Knight's barding {ponderous, rPois rN+}
 49924 | D:14     | Found a portal to a secret trove of treasure.
 50125 | D:15     | Entered Level 15 of the Dungeon
 50779 | D:15     | Identified Roxanne's Guide on Moulding
 50779 | D:15     | Noticed Roxanne
 50798 | D:15     | Killed Roxanne
 51256 | D:15     | Found a staircase to the Depths.
 51922 | Elf:1    | Entered Level 1 of the Elven Halls
 52073 | Elf:1    | Found Homosuq's Armour Shop.
 52096 | Elf:1    | Found Sinnifadgh's Antique Weapon Shoppe.
 52098 | Elf:1    | Found Firphaydi's Jewellery Emporium.
 52098 | Elf:1    | Found Moneubbu's Magic Scroll Shoppe.
 52101 | Elf:1    | Found Ifyehar's Antique Armour Emporium.
 52139 | Elf:1    | Bought a scroll of acquirement for 780 gold pieces
 52178 | Elf:1    | Found Oleshau's Armour Emporium.
 52179 | Elf:1    | Found Mony's Armour Boutique.
 52299 | Elf:1    | Found Ricosopu's Antique Armour Shoppe.
 53479 | Elf:1    | Found Kyplaf's Armour Shoppe.
 53493 | Elf:1    | Acquired 1061 gold pieces
 53633 | Elf:1    | Bought the +3 Mad Mage's Maulers {Infuse+∞ RegenMP Int-3}
                  | for 1080 gold pieces
 53633 | Elf:1    | Found the +3 Mad Mage's Maulers {Infuse+∞ RegenMP Int-3}
 53799 | Elf:2    | Found the +3 robe of Clouds {*Thunder rCloud rElec}
 53820 | Elf:2    | Found a huge runed translucent gate.
 53822 | Elf:2    | Found a huge runed translucent gate.
 53822 | Elf:2    | Found a huge runed translucent gate.
 53822 | Elf:2    | Found a huge runed translucent gate.
 53822 | Elf:2    | Found a huge runed translucent gate.
 53823 | Elf:2    | Found a huge runed translucent gate.
 53823 | Elf:2    | Found a huge runed translucent gate.
 53823 | Elf:2    | Found a huge runed translucent gate.
 54308 | Elf:2    | Found a huge runed translucent gate.
 54308 | Elf:2    | Found a huge runed translucent gate.
 54308 | Elf:2    | Found a huge runed translucent gate.
 54308 | Elf:2    | Found a huge runed translucent gate.
 54309 | Elf:2    | Found a huge runed translucent gate.
 54527 | Elf:2    | Paralysed by an air elemental for 1 turns
 54710 | Elf:2    | Identified the +4 double sword of Expedience {antimagic,
                  | rF+++ Will+ Int-2 Dex+3}
 56510 | Elf:3    | Entered Level 3 of the Elven Halls
 56662 | Elf:3    | Cast into level 3 of the Abyss (a deep elf sorcerer)
 57350 | Abyss:3  | Noticed a bone dragon
 57371 | Abyss:3  | HP: 4/150 [bone dragon (5)]
 57527 | Abyss:5  | Entered Level 5 of the Abyss
 57527 | Abyss:5  | Found a corrupted altar of Lugonu.
 57790 | Abyss:5  | Lost mutation: Your mind is acute. (Int +2) [a neqoxec]
 57792 | Abyss:5  | Lost mutation: You are agile. (Dex +2) [a neqoxec]
 58487 | Abyss:5  | Noticed a bone dragon
 58602 | Abyss:5  | Reached XP level 20. HP: 16/157 MP: 3/42
 58602 | Abyss:5  | Reached XP level 21. HP: 16/163 MP: 3/43
 58602 | Abyss:5  | Got an abyssal rune of Zot
 59000 | Abyss:5  | Paralysed by accursed screaming for 2 turns
 59009 | Elf:3    | Escaped the Abyss
 59018 | Elf:3    | Killed from afar by a deep elf annihilator

Illustrated notes

Levels and vault maps discovered:
D:1:      psy_arrival_terrarium, layout_rooms, fountainhead
D:2:      layout_basic, minmay_pentomino_q2
D:3:      layout_loops_ring, shapermc_ecumenical_altar_venn, serial_shops,
          nicolae_shop_behind_doors, hangedman_abyss_or_decor_stabs,
          amcnicky_mini_corridor_feature, uniq_natasha
D:4:      layout_basic, grunt_temple_overflow_diamond,
          mainiacjoe_overflow_cross_hatched
D:5:      layout_loops_ring, grunt_qazlal_clouds, temple_doors_e, serial_shops,
          shop_statue
D:6:      layout_loops_corners, led_sif_book, feat_on_display
D:7:      layout_layer_cave, grunt_dithmenos_smoke_and_mirrors,
          minmay_liquid_box
D:8:      layout_basic, lemuel_doored_altar, enter_bailey_4
D:9:      layout_basic, mainiacjoe_overflow_24_doors,
          kennysheep_orc_monster_closet_entryway, uniq_prince_ribbit1
D:10:     layout_loops_ring, serial_shops, kennysheep_mini_moat
D:11:     layout_roguey, grunt_lair_entry_orc_guard_hut, uniq_lodul
D:12:     layout_basic, minmay_shop_grid_forest, corner_web_ring
D:13:     layout_roguey, portal_ice_cave_rime
D:14:     layout_irregular_city, erik_vaults_2, okawaru_metal_pillars_1_2,
          trove_entry_hex_spiral, serial_bayou_lagoon_b
D:15:     grunt_enter_depths_snipers, layout_gridville,
          hangedman_abyss_or_decor_passed, nicolae_lava_and_water, uniq_roxanne
Temple:   oiseaux_autumnal_temple
Lair:1:   layout_roguey, tgw_fedhas, grunt_megastairs_2
Lair:2:   layout_cave_pods, guppyfry_snake_entry_island, beast_lair_carwin_8,
          serial_bayou_shore_b
Lair:3:   layout_loops_ring, swamp_mist_pool, serial_bayou, serial_bayou_pond_d,
          serial_bayou_crossing, serial_bayou_lagoon_a, serial_bayou_pond_b,
          lemuel_fruit_tree
Lair:4:   layout_small_grid, grunt_megastairs_3, uniq_urug
Lair:5:   layout_regular_city, dreamdust_mushroom_princess,
          infiniplex_staircase_pool
Lair:6:   wormcave, layout_cave_pods, slime_altar_1, st_stairs_4,
          grunt_megastairs_1
Swamp:1:  layout_basic_swamp, evilmike_swamp_ruin_house_4
Swamp:2:  layout_falls_marsh, nicolae_swamp_bean_lake
Swamp:3:  nicolae_swamp_tree_isthmus, layout_basic_swamp,
          nicolae_swamp_well_well_well
Swamp:4:  swamp_vile, layout_basic_swamp
Snake:1:  layout_rooms
Snake:2:  layout_onion_interference, beargit_elvish_explorers
Snake:3:  layout_chambers, grunt_ministairs_3, uniq_aizul
Snake:4:  grunt_snake_rune_spirals, layout_onion, minmay_shop_grove, uniq_nikola
Orc:1:    cheibrodos_orc_bank, layout_diamond_mine, serial_shops,
          nicolae_shop_waterfront, basic_altar, nicolae_volcano_entry_lava_flow,
          nicolae_orc_lost_temple
Orc:2:    st_orc_ogre_mass, layout_diamond_mine, uniq_josephine
Elf:1:    eino_elf_arrival_the_gate, layout_gridlike, serial_shops, shop, shop,
          shop, shop_fountains, nicolae_shop_window_shopping,
          hangedman_corner_corridor, minmay_shoptagon, lemuel_upstairs_altar
Elf:2:    elven_hall_of_blades_hangedman_alternative
          [infiniplex_blade_entry_pillars], layout_geoelf_octagon,
          serial_sigils, serial_sigils_hangedman_quiver,
          serial_sigils_hangedman_quiver, serial_sigils_hangedman_shear,
          serial_sigils_hangedman_quiver,
          nicolae_elf_double_double_double_trouble
Elf:3:    minmay_elf_hall_curves, layout_geoelf_diagonals, drop_trap,
          nicolae_fountain_basement, uniq_saint_roka

Skill      XL: |  1  2  3  4  5  6  7  8  9 10 11 12 13 14 15 16 17 18 19 |
---------------+----------------------------------------------------------+-----
Spellcasting   | 5 6 7 8 9 10 11 12 13 14 | 14.4
Invocations    | 1 2 3 4 5 7 8 9 10 11 12 13 14 | 14.8
Fighting       | 1 2 3 5 6 7 8 9 10 11 12 13 | 13.6
Short Blades   | 1 2 3 5 6 7 8 9 10 11 12 13 | 13.6
Long Blades    | 1 2 3 5 6 7 8 9 10 11 12 13 | 13.6
Axes           | 1 2 3 5 6 7 8 9 10 11 12 13 | 13.6
Maces & Flails | 1 2 3 5 6 7 8 9 10 11 12 13 | 13.6
Polearms       | 1 2 3 5 6 7 8 9 10 11 12 13 | 13.6
Staves         | 1 2 3 5 6 7 8 9 10 11 12 13 | 13.6
Slings         | 1 2 3 5 6 7 8 9 10 11 12 13 | 13.6
Bows           | 1 2 3 5 6 7 8 9 10 11 12 13 | 13.6
Crossbows      | 1 2 3 5 6 7 8 9 10 11 12 13 | 13.6
Throwing       | 1 2 3 5 6 7 8 9 10 11 12 13 | 13.6
Armour         | 1 2 3 5 6 7 8 9 10 11 12 13 | 13.6
Shields        | 1 2 3 5 6 7 8 9 10 11 12 13 | 13.6
Unarmed Combat | 1 2 3 5 6 7 8 9 10 11 12 13 | 13.6
Evocations     | 1 2 3 5 6 7 8 9 10 11 12 13 | 13.6
Conjurations   | 1 2 3 4 5 6 7 8 9 10 11 | 11.6
Hexes          | 1 2 3 4 5 6 7 8 9 10 11 | 11.6
Summonings     | 1 2 3 4 5 6 7 8 9 10 11 | 11.6
Necromancy     | 1 2 3 4 5 6 7 8 9 10 11 | 11.6
Translocations | 1 2 3 4 5 6 7 8 9 10 11 | 11.6
Transmutations | 1 2 3 4 5 6 7 8 9 10 11 | 11.6
Fire Magic     | 1 2 3 4 5 6 7 8 9 10 11 | 11.6
Air Magic      | 1 2 3 4 5 6 7 8 9 10 11 | 11.6
Earth Magic    | 1 2 3 4 5 6 7 8 9 10 11 | 11.6
Poison Magic   | 1 2 3 4 5 6 7 8 9 10 11 | 11.6
Dodging        | 5 6 7 8 9 10 11 12 13 14 | 14.3
Stealth        | 5 6 7 8 9 10 11 12 13 14 | 14.2
Ice Magic      | 8 9 10 11 12 13 | 13.4

Action                   |  1- 3 |  4- 6 |  7- 9 | 10-12 | 13-15 | 16-18 | 19-21 || total
-------------------------+-------+-------+-------+-------+-------+-------+-------++-------
Melee: Unarmed           |    42 |       |       |       |       |       |       ||    42
       Bite              |     6 |     9 |    16 |    49 |   152 |   247 |   113 ||   592
       Punch             |     1 |     1 |     6 |    14 |       |       |       ||    22
       Short sword       |    22 |    60 |    58 |    65 |       |       |       ||   205
       Mace              |       |    27 |    85 |       |       |       |       ||   112
       Spear             |       |       |       |   236 |   103 |       |       ||   339
       Whip              |       |       |       |       |   752 |  1233 |   311 ||  2296
       Double sword      |       |       |       |       |       |       |   321 ||   321
 Cast: Freeze            |    29 |    13 |     7 |    31 |    14 |    13 |       ||   107
       Frozen Ramparts   |       |     9 |    29 |    22 |    20 |    44 |    10 ||   134
       Ozocubu's Armour  |       |     2 |     9 |    13 |    20 |    45 |     8 ||    97
       Hailstorm         |       |       |       |    11 |    10 |    31 |       ||    52
       Flame Wave        |       |       |       |       |    30 |    16 |     4 ||    50
       Stone Arrow       |       |       |       |       |     7 |    88 |    26 ||   121
       Lesser Beckoning  |       |       |       |       |       |     7 |       ||     7
Invok: Bend Time         |       |       |       |       |     3 |    10 |       ||    13
       Slouch            |       |       |       |       |     6 |     6 |     1 ||    13
       Temporal Distorti |       |       |       |       |       |     2 |       ||     2
       Step From Time    |       |       |       |       |       |     1 |       ||     1
 Abil: Evoke Blink       |       |       |       |       |       |     1 |     1 ||     2
Evoke: Wand              |       |       |    14 |     6 |     7 |    15 |     3 ||    45
       Phial of floods   |       |       |       |       |       |     1 |       ||     1
       Condenser vane    |       |       |       |       |       |     1 |       ||     1
  Use: Scroll            |       |       |    14 |     8 |    11 |     8 |    10 ||    51
       Potion            |       |       |     4 |     2 |     1 |    13 |     8 ||    28
 Stab: Sleeping          |     6 |    11 |     7 |    12 |    24 |    26 |    26 ||   112
       Distracted        |       |       |       |       |    30 |    47 |    20 ||    97
       Paralysed         |       |       |       |       |       |     5 |       ||     5
       Invisible         |       |       |       |       |       |       |     1 ||     1
Armor: Robe              |     9 |       |       |       |       |       |    86 ||    95
       Leather armour    |     8 |    33 |    49 |       |       |       |       ||    90
       Ring mail         |       |       |    12 |    57 |   173 |   213 |    38 ||   493
       Skin              |       |       |     3 |     1 |       |       |       ||     4
Dodge: Dodged            |    62 |    78 |   163 |   210 |   585 |   789 |   445 ||  2332
Block: Buckler           |       |       |       |    15 |   275 |   235 |       ||   525
       Tower shield      |       |       |       |       |       |   805 |   759 ||  1564

Table legend: (Time is in decaauts)
 A = Elapsed time spent in this place.
 B = Non-inter-level travel time spent in this place.
 C = Inter-level travel time spent in this place.
 D = Time resting spent in this place.
 E = Time spent auto-exploring this place.
 F = Levels seen in this place.
 G = Mean time per level.
                   A        B        C        D        E       F      G
               +--------+--------+--------+--------+--------+-----+--------+
         Total |  80159 |  74457 |   5702 |  14849 |  44076 |  41 | 1955.1 |
       Dungeon |  27812 |  25000 |   2812 |   2637 |  18789 |  15 | 1854.1 |
        Temple |    113 |     78 |     35 |      0 |     63 |   1 |  113.0 |
          Lair |  14227 |  13307 |    920 |   1228 |  10171 |   6 | 2371.2 |
         Swamp |   8620 |   8303 |    317 |   2657 |   3988 |   4 | 2155.0 |
     Snake Pit |  11687 |  11439 |    248 |   4872 |   4509 |   4 | 2921.8 |
  Orcish Mines |   4331 |   3172 |   1159 |   1108 |   1468 |   2 | 2165.5 |
   Elven Halls |   6589 |   6381 |    208 |   1307 |   3695 |   3 | 2196.3 |
         Abyss |   3324 |   3324 |      0 |      0 |    327 |   3 | 1108.0 |
        Bailey |   1389 |   1389 |      0 |    564 |    302 |   1 | 1389.0 |
      Ice Cave |   1384 |   1384 |      0 |    359 |    530 |   1 | 1384.0 |
       Volcano |    678 |    678 |      0 |    115 |    230 |   1 |  678.0 |
               +--------+--------+--------+--------+--------+-----+--------+

Top non-repeatable levels by time:
   Elf:2: 3905 daAuts
 Snake:4: 3712 daAuts
  Lair:6: 3681 daAuts
    D:11: 3213 daAuts
 Snake:3: 3206 daAuts
     D:9: 2909 daAuts
 Swamp:4: 2723 daAuts
 Snake:2: 2513 daAuts
   Elf:1: 2423 daAuts
    D:14: 2325 daAuts
   Orc:2: 2312 daAuts
  Lair:2: 2279 daAuts
    D:15: 2270 daAuts
 Snake:1: 2255 daAuts
  Lair:4: 2254 daAuts
